 Dungeon Sprint DCSS version 0.17.0-15-g6d90897 (webtiles) character file.

4 hexophile the Slasher (level 1, -3/17 HPs)
             Began as a Ghoul Gladiator on Nov 10, 2015.
             Slain by an ooze (5 damage)
             ... in the Dungeon (Sprint IX: "|||||||||||||||||||||||||||||").
             The game lasted 00:00:12 (22 turns).

hexophile the Slasher (Ghoul Gladiator)               Turns: 22, Time: 00:00:12

Health: -3/17      AC:  4    Str: 18    XL:     1   Next: 60%
Magic:  0/0        EV: 12    Int:  3    God:
Gold:   0          SH:  0    Dex:  9    Spells: 0 memorised, 0 levels left

rFire  . . .     SeeInvis .     a - +0 long sword
rCold  + . .     Clarity  .     b - +0 leather armour
rNeg   + + +     SustAt   .     (no shield)
rPois  ∞         Gourm    .     c - +0 helmet
rElec  .         Spirit   .     (no cloak)
rCorr  .         Warding  .     (no gloves)
rMut   .         NoTele   +     (no boots)
MR     .....                    (no amulet)
Stlth  +.........               (no ring)
                                (no ring)

@: rotting, not resistant to hostile enchantments, very unstealthy
A: rotting body, claws 1, carnivore 3, cold resistance 1, negative energy
resistance 3, slow regeneration 1, torment resistance, unbreathing
a: no special abilities


You were in the Dungeon.
You were not hungry.

You visited 1 branch


Innate Abilities, Weirdness & Mutations

Your body is rotting away.
You thrive on raw meat.
You are immune to poison.
You have sharp fingernails.
You are carnivorous and can eat meat at any time.
Your flesh is cold resistant.
You are immune to negative energy.
You regenerate slowly when monsters are visible.
You are immune to unholy pain and torment.
You can survive without breathing.

Inventory:

Hand Weapons
 a - a +0 long sword (weapon)
Armour
 b - a +0 leather armour (worn)
 c - a +0 helmet (worn)
Scrolls
 k - a scroll of blinking
Potions
 f - a potion of curing
 g - a potion of heal wounds
 h - a potion of haste
 i - 2 potions of magic
 j - a potion of berserk rage
Comestibles
 e - a meat ration


You couldn't memorise any spells.
You didn't know any spells.


   Skills:
 - Level 2.1 Fighting
 + Level 3.9 Long Blades
 - Level 1.7 Throwing
 - Level 2.6 Dodging

Dungeon Overview and Level Annotations

Branches:
Dungeon (1/1)

Altars:

Vault maps used:
D:        linesprint
You       could see an ooze.


Message History

The goblin is severely wounded.
The goblin hits you.
* * * LOW HITPOINT WARNING * * *
You lost 4 HP.
You have now: 6/17 HP.
Throwing (i - inventory):
F - 3 throwing nets (quivered)
{+f}
Press: ? - help, Shift-Dir - straight line, f - goblin
Aim: a goblin (severely wounded)
You throw a throwing net {+f}. The throwing net {+f} hits the goblin.
The goblin is caught in the net!
The goblin is severely wounded.
The goblin struggles against the net.
You barely miss the goblin.
The goblin is severely wounded.
The goblin struggles to escape the net.
You hit the goblin.
You kill the goblin!
Your Long Blades skill increases to level 3!
The rat bites you but does no damage.
You hit the rat.
You kill the rat!
You closely miss the kobold. The kobold barely misses you.
Throwing (i - inventory):
F - 2 throwing nets (quivered)
{+f}
Press: ? - help, Shift-Dir - straight line, f - kobold
Aim: a kobold Marked for pickup.
You throw a throwing net {+f}.
The throwing net {+f} closely misses the kobold. x2
The throwing net {+f} barely misses the ooze.
The kobold misses you.
You slash the kobold!
You kill the kobold!
You hit the kobold.
The kobold is moderately wounded.
The kobold hits you.
* * * LOW HITPOINT WARNING * * *
The kobold hits you.
* * * LOW HITPOINT WARNING * * *
You lost 4 HP.
You have now: 2/17 HP.
Throwing (i - inventory):
F - a throwing net (quivered)
{+f}
Press: ? - help, Shift-Dir - straight line, f - kobold
Aim: a kobold (moderately wounded)
You throw a throwing net {+f}. The throwing net {+f} hits the kobold.
The kobold is caught in the net!
The kobold is moderately wounded.
The kobold struggles against the net.
Unknown command.
You slash the kobold!
You kill the kobold!
You barely miss the ooze. The ooze hits you.
You die...

Action                   || total
-------------------------++-------
Melee: Long sword        ||    15
Throw: Throwing net      ||     3

Notes
Turn   | Place    | Note
--------------------------------------------------------------
     0 | D        | hexophile the Ghoul Gladiator began the quest for the Orb.
     0 | D        | Reached XP level 1. HP: 17/17 MP: 0/0
    14 | D        | Reached skill level 3 in Long Blades
    22 | D        | Slain by an ooze

Table legend:
 A = Turns spent in this place as a percentage of turns spent in the entire game.
 B = Non-inter-level travel turns spent in this place as a percentage of non-inter-level travel turns spent in the entire game.
 C = Inter-level travel turns spent in this place as a percentage of turns spent in this place.
 D = Turns resting spent in this place as a percentage of non-inter-level travel turns spent in this place.
 E = Turns spent auto-exploring this place as a percentage of non-inter-level travel turns spent in this place.
 F = Non-inter-level travel turns spent in this place divided by the number of levels of this place that you've seen.
                   A       B       C       D       E      F
               +-------+-------+-------+-------+-------+----------------------
         Total | 100.0 | 100.0 |   0.0 |   0.0 |   0.0 |  27.0
       Dungeon | 100.0 | 100.0 |   0.0 |   0.0 |   0.0 |  27.0
               +-------+-------+-------+-------+-------+----------------------

Table legend:
 A = Kills in this place as a percentage of kills in entire the game.
 B = Kills by you in this place as a percentage of kills by you in the entire game.
 C = Kills by friends in this place as a percentage of kills by friends in the entire game.
 D = Other kills in this place as a percentage of other kills in the entire game.
 E = Experience gained in this place as a percentage of experience gained in the entire game.
 F = Experience gained in this place divided by the number of levels of this place that you have seen.
                   A       B       C       D       E      F
               +-------+-------+-------+-------+-------+----------------------
         Total | 100.0 | 100.0 |  -nan |  -nan | 100.0 |   6.0
       Dungeon | 100.0 | 100.0 |  -nan |  -nan | 100.0 |   6.0
               +-------+-------+-------+-------+-------+----------------------

Vanquished Creatures
  A goblin (D)
  2 kobolds (D)
  A rat (D)
4 creatures vanquished.
